 Dungeon Crawl Stone Soup version 0.31-a0-496-g6f97920a28 (webtiles) character file.

Game seed: 12422343779987852512

31080 kae the Metamorph (level 13, -1/145 (162) HPs)
             Began as a Pale Draconian Shapeshifter on Aug 8, 2023.
             Was a Priest of Ru.
             Slain by a five-headed hydra simulacrum (13 damage)
             ... on level 1 of the Lair of Beasts.
             The game lasted 00:14:09 (16058 turns).

kae the Metamorph (Pale Draconian Shapeshifter)    Turns: 16058, Time: 00:14:09

HP:   -1/145 (162)  AC: 20    Str: 28    XL:     13   Next: 24%
MP:   13/13         EV: 11    Int: 16    God:    Ru [***...]
Gold: 1268          SH:  0    Dex: 15    Spells: 12/12 levels left

rFire   . .          .
                       - Unarmed
rCold   . . .        (shield currently unavailable)
rNeg    + . .        (body armour unavailable)
rPois   +            (helmet currently unavailable)
rElec   .            (cloak currently unavailable)
rCorr   .            (gloves currently unavailable)
SInv    .            (boots currently unavailable)
Will    .....        w - amulet of magic regeneration Stlth
                     I - +6 ring of intelligence
HPRegen 0.44/turn    N - ring of positive energy
MPRegen 0.53/turn

%: no passive effects
@: exhausted, dragon-form, flying, heavily drained
A: dragon claw, dragon scales, flying, boosted hp, breathe steam, AC +8, giant,
unfitting armour, (cold-blooded), no stealth, inability to use devices, steam
resistance
a: Breathe Steam, Begin Untransformation, Renounce Religion, Draw Out Power


You were on level 1 of the Lair of Beasts.
You worshipped Ru.
Ru was most pleased with you.
You were a fearsome steam dragon!
You visited 3 branches of the dungeon, and saw 15 of its levels.
You also visited: Ossuary.

You collected 1345 gold pieces.
You spent 77 gold pieces at shops.


Innate Abilities, Weirdness & Mutations

You are a fearsome steam dragon!
You have a powerful clawing attack.
Your giant scaled body is strong and resiliant, but less evasive.
Your breath weapon is enhanced in this form.
You are flying.
Your maximum health is greatly increased.
Your armour is entirely melded.
You are incapable of wielding weapons or throwing items.
You can breathe blasts of scalding, opaque steam.
Your pale cyan-grey scales are hard. (AC +8)
You cannot fit into any form of body armour.
((You are cold-blooded and may be slowed by cold attacks.))
You cannot be stealthy.
You cannot study or use magical devices.
You are immune to the effects of steam.


   Skills:
 + Level 8.5 Fighting
 - Level 8.0 Dodging
 - Level 10.0 Unarmed Combat
 - Level 15.0 Shapeshifting


You had 12 spell levels left.
You didn't know any spells.
Your spell library contained the following spells:

 Spells                   Type           Power      Damage    Failure   Level
 Apportation              Tloc           0%         N/A       26%         1
 Necrotise                Necr           0%         1d4       26%         1
 Shock                    Conj/Air       0%         1d3       26%         1
 Summon Small Mammal      Summ           0%         N/A       26%         1
 Blink                    Tloc           0%         N/A       36%         2
 Ensorcelled Hibernation  Hex/Ice        0%         N/A       36%         2
 Lesser Beckoning         Tloc           0%         N/A       36%         2
 Passwall                 Tmut/Erth      0%         N/A       36%         2
 Call Canine Familiar     Summ           0%         N/A       58%         3
 Gell's Gravitas          Tloc           0%         N/A       58%         3
 Hailstorm                Conj/Ice       0%         3d3       58%         3
 Portal Projectile        Hex/Tloc       0%         N/A       58%         3
 Swiftness                Air            0%         N/A       58%         3
 Teleport Other           Tloc           0%         N/A       58%         3
 Vampiric Draining        Necr           0%         2d6       58%         3
 Vhi's Electric Charge    Tloc/Air       0%         N/A       58%         3
 Airstrike                Air            0%         2d(0-16)  94%         4
 Leda's Liquefaction      Hex/Erth       0%         N/A       94%         4
 Manifold Assault         Tloc           0%         N/A       94%         4
 Passage of Golubria      Tloc           0%         N/A       94%         4
 Summon Ice Beast         Ice/Summ       0%         N/A       94%         4
 Agony                    Necr           0%         N/A       100%        5
 Arcjolt                  Conj/Air       0%         1d10      100%        5
 Silence                  Hex/Air        0%         N/A       100%        5
 Plasma Beam              Fire/Air       0%         2x1d10    100%        6
 Simulacrum               Ice/Necr       0%         N/A       100%        6
 Lehudib's Crystal Spear  Conj/Erth      0%         10d2      100%        8

Inventory:

Missiles
 d - 46 poisoned darts
 j - 135 stones
 p - 8 javelins
 t - 3 datura-tipped darts
 u - a curare-tipped dart {=f}
Magical Staves
 E - a staff of cold {!a}
   (You found it on level 10 of the Dungeon)
Jewellery
 i - a +6 ring of intelligence
   (You found it on level 7 of the Dungeon)
 w - an amulet of magic regeneration (around neck)
   (You found it on level 12 of the Dungeon)
 C - a ring of protection from cold
   (You found it on level 10 of the Dungeon)
 I - a +6 ring of intelligence (left foreclaw)
   (You found it on level 1 of the Dungeon)
 N - a ring of positive energy (right foreclaw)
   (You found it on level 1 of the Dungeon)
 R - a ring of resist corrosion
   (You found it on level 11 of the Dungeon)
 T - an amulet of faith {!P}
   (You found it on level 1 of the Lair of Beasts)
 Z - a ring of wizardry
   (You found it on level 2 of the Dungeon)
Talismans
 b - a beast talisman
 c - a flux talisman
 f - a dragon-blood talisman (active)
   (You found it on level 1 of the Dungeon)
 H - a maw talisman
   (You found it on level 11 of the Dungeon)
Wands
 r - a wand of digging (2)
   (You found it on level 13 of the Dungeon)
Scrolls
 h - a scroll of enchant armour
 v - a scroll of silence {!r}
 y - a scroll of vulnerability {!r!r}
 A - 2 scrolls of enchant weapon
 B - 2 scrolls of fog
 F - a scroll of identify {@r1}
 G - a scroll of brand weapon
Potions
 a - 3 potions of lignification {!q}
 e - 2 potions of haste {@q3}
 g - a potion of berserk rage {!q}
 k - 6 potions of brilliance {unknown}
 l - 3 potions of ambrosia
 m - 8 potions of enlightenment
 n - 4 potions of mutation {unknown}
 o - 4 potions of cancellation
 q - 3 potions of curing {@q1}
 s - 2 potions of resistance
 x - a potion of might
 z - a potion of attraction {unknown}
 D - 3 potions of heal wounds {unknown}

Dungeon Overview and Level Annotations

Branches:
Dungeon (13/15) Zot: 24190  Temple (1/1) D:6 Zot: 5991    Lair (1/5) D:8 Zot: 5023
    Orc (0/2) D:9         Ossuary (visited)
 Vaults: D:13-14

Altars:
Ashenzari
Cheibriados
Dithmenos
Elyvilon
Fedhas
Gozag
Hepliaklqana
Kikubaaqudgha
Makhleb
Nemelex Xobeh
Okawaru
Qazlal
Ru
Sif Muna
Trog
Uskayaw
Vehumet
Wu Jian
Xom
Yredelemnul
Zin
The Shining One

Shops:
D:1 =   D:5 [   D:6 ! D:12

? # # ### # ##.### ###....## #
#...Z...## # #...°D...# #
###''Z###.## ###
######.....Z.#..######
##.###.#.P##.....##.......# ###
..........#.......#.......#####..
#.........##.!=[.##...........'..
#.........#..#.#..#......>#..#...
#.........#########.......#.###..
#............## #.........'.##...


You could see a spectral komodo dragon, a spectral catoblepas and a five-headed
hydra simulacrum.


Message History

The seven-headed hydra simulacrum bites you but does no damage. x2
The seven-headed hydra simulacrum bites you.
The seven-headed hydra simulacrum freezes you!!
* * * LOW HITPOINT WARNING * * *
The seven-headed hydra simulacrum bites you but does no damage.
The seven-headed hydra simulacrum misses you.
The seven-headed hydra simulacrum bites you but does no damage.
The cane toad simulacrum closely misses you.
The spectral catoblepas gores you but does no damage. 😨 HP[-29]
You take 29 damage, and now have 69/159 hp.
Unknown command.
You claw the cane toad simulacrum! You tail-slap the cane toad simulacrum.
You barely miss the cane toad simulacrum.
The spectral catoblepas closely misses you.
The cane toad simulacrum hits you.
* * * LOW HITPOINT WARNING * * *
The cane toad simulacrum freezes you!
* * * LOW HITPOINT WARNING * * *
The seven-headed hydra simulacrum closely misses you.
The seven-headed hydra simulacrum bites you but does no damage. x2
The seven-headed hydra simulacrum barely misses you.
The seven-headed hydra simulacrum bites you but does no damage.
The seven-headed hydra simulacrum closely misses you.
The seven-headed hydra simulacrum bites you but does no damage. 😨 HP[-14]
You take 14 damage, and now have 55/159 hp.
Unknown command.
You rip one of the seven-headed hydra simulacrum's heads off!
You claw the six-headed hydra simulacrum!
The spectral catoblepas gores you but does no damage.
The cane toad simulacrum hits you but does no damage. 😨 HP[+1]
You claw the cane toad simulacrum!
The six-headed hydra simulacrum barely misses you.
The six-headed hydra simulacrum bites you but does no damage. x5
The spectral catoblepas gores you!
* * * LOW HITPOINT WARNING * * *
You partially resist.
You feel drained.
* * * LOW HITPOINT WARNING * * *
😱 HP[-19]
You now have 156 max hp (-3).
You take 19 damage, and now have 37/156 hp.
You tear one of the six-headed hydra simulacrum's heads off!
You bite the five-headed hydra simulacrum!!
You tail-slap the five-headed hydra simulacrum.
The five-headed hydra simulacrum bites you but does no damage.
The five-headed hydra simulacrum bites you.
* * * LOW HITPOINT WARNING * * *
The five-headed hydra simulacrum freezes you!
* * * LOW HITPOINT WARNING * * *
The five-headed hydra simulacrum barely misses you.
The five-headed hydra simulacrum bites you but does no damage. x2
The spectral catoblepas gores you but does no damage.
The spectral six-headed hydra is engulfed in freezing vapours.
The spectral six-headed hydra bites you!
* * * LOW HITPOINT WARNING * * *
You partially resist.
You feel drained.
* * * LOW HITPOINT WARNING * * *
The spectral six-headed hydra bites you but does no damage.
The spectral six-headed hydra bites you!
* * * LOW HITPOINT WARNING * * *
The spectral six-headed hydra bites you.
* * * LOW HITPOINT WARNING * * *
The spectral six-headed hydra bites you but does no damage.
The spectral six-headed hydra barely misses you. 😱 HP[-32]
You now have 153 max hp (-3).
You take 32 damage, and now have 5/153 hp.
MASSIVE DAMAGE!! (PAUSE) Unknown command.
You maul the spectral six-headed hydra!!! 😱 HP[+1] Unknown command.
Unknown command.
You are restored by drawing out deep reserves of power within.
You feel drained.
The spectral catoblepas barely misses you.
The spectral six-headed hydra is engulfed in freezing vapours.
The spectral six-headed hydra bites you but does no damage.
The spectral six-headed hydra closely misses you.
The spectral six-headed hydra barely misses you.
The spectral six-headed hydra bites you but does no damage. x3
The five-headed hydra simulacrum closely misses you.
The five-headed hydra simulacrum bites you but does no damage. x2
The five-headed hydra simulacrum barely misses you.
The five-headed hydra simulacrum bites you but does no damage. 😱 HP[+19]
You now have 145 max hp (-8).
You regained 19 hp, and now have 25/145 hp.
You bite the spectral six-headed hydra!!
You destroy the spectral six-headed hydra!
The spectral catoblepas gores you!
* * * LOW HITPOINT WARNING * * *
The five-headed hydra simulacrum bites you.
* * * LOW HITPOINT WARNING * * *
The five-headed hydra simulacrum freezes you!
You die...

Skill      XL: |  1  2  3  4  5  6  7  8  9 10 11 12 13 |
---------------+----------------------------------------+-----
Shapeshifting  | 4 5 6 7 8 10 12 14 15 | 15.0
Unarmed Combat | 4 5 6 7 9 10 | 10.0
Fighting       | 6 8 |  8.5
Dodging        | 8 |  8.0

Action                     |  1- 3 |  4- 6 |  7- 9 | 10-12 | 13-15 || total
---------------------------+-------+-------+-------+-------+-------++-------
  Melee: Unarmed           |    62 |   201 |   218 |   352 |    72 ||   905
         Tailslap          |    10 |    19 |    25 |    46 |     8 ||   108
         Punch             |     1 |     4 |    13 |    14 |     7 ||    39
         Bite              |       |       |       |    35 |    10 ||    45
 Invoke: Sacrifice Stealth |       |       |       |     1 |       ||     1
         Sacrifice Artific |       |       |       |     1 |       ||     1
         Draw Out Power    |       |       |       |     2 |     1 ||     3
         Reject Sacrifices |       |       |       |     1 |       ||     1
Ability: Breathe Steam     |       |       |    37 |    26 |     1 ||    64
    Use: Scroll            |     4 |     8 |     7 |     4 |       ||    23
         Potion            |       |     2 |     1 |     1 |       ||     4
   Stab: Sleeping          |       |     2 |     1 |       |       ||     3
         Distracted        |       |       |       |     1 |       ||     1
 Armour: Skin              |    18 |   105 |    59 |   185 |    78 ||   445
  Dodge: Dodged            |    36 |    83 |   115 |   145 |    49 ||   428
   Form: Dragon            |     2 |     1 |       |     1 |       ||     4
         Flux              |     1 |       |       |       |       ||     1
         Beast             |     1 |     1 |       |       |       ||     2

Levels and vault maps discovered:
D:1:      psy_arrival_radial02, layout_basic, serial_shops, nicolae_shop_trees,
          minmay_misc_feat_pillars
D:2:      layout_loops_ring, basic_altar, uniq_natasha
D:3:      kennysheep_slugbush, layout_basic, nicolae_uskayaw_suspiria,
          moated_statue, hangedman_abyss_or_decor_stabs, wad_orctagon
D:4:      layout_basic, lightli_ossuary_entry_decrepit_ruins, uniq_robin
D:5:      layout_basic, serial_shops, shop, uniq_duvessa
D:6:      layout_loops_corners, minmay_temple_entry_steel_oval, serial_shops,
          shop, hangedman_decor_diamond_cutter, grunt_ministairs_13,
          hangedman_decor_riveting, uniq_prince_ribbit1
D:7:      layout_basic, grunt_temple_overflow_cloverleaf, uniq_pikel
D:8:      layout_layer_cave, lair_entry_dummy
D:9:      layout_gridville, mainiacjoe_overflow_divided_tiny, david_orc_5
D:10:     layout_long_grid, mainiacjoe_overflow_paths, uniq_gastronok
D:11:     layout_stronghold, minivault_28
D:12:     erik_rubicon_a, layout_stronghold, serial_shops,
          nicolae_shop_tiny_statue_garden, fake_guardian_serpent_vault,
          uniq_azrael
D:13:     layout_layer_cave, david_vaults_5, serial_park_tiny_2, minivault_7
Temple:   zaba_magenta_temple
Lair:1:   layout_roguey, gammafunk_ghost_necromancy, grunt_megastairs_3

Notes
Turn   | Place    | Note
-------+----------+-------------------------------------------
     0 | D:1      | kae the Draconian Shapeshifter began the quest for the Orb.
     0 | D:1      | Reached XP level 1. HP: 16/16 MP: 1/1
     0 | D:1      | magus.rc [v1.11.3]
   157 | D:1      | Reached XP level 2. HP: 10/23 MP: 2/2
   496 | D:1      | Found Zyurash's Jewellery Shoppe.
   536 | D:1      | You add the spells Blink and Manifold Assault to your
                  | library.
   899 | D:2      | Reached XP level 3. HP: 23/28 MP: 3/3
   986 | D:2      | You pick up a book of Cantrips and begin reading...
   986 | D:2      | You add the spells Necrotise, Summon Small Mammal and
                  | Apportation to your library.
   994 | D:2      | Noticed Natasha
  1001 | D:2      | Killed Natasha
  1002 | D:2      | Reached skill level 4 in Shapeshifting
  1002 | D:2      | Reached XP level 4. HP: 16/35 MP: 4/4
  1105 | D:2      | Noticed Natasha
  1123 | D:2      | HP: 5/35 [Natasha (5)]
  1125 | D:2      | Killed Natasha
  1201 | D:2      | Noticed Natasha
  1261 | D:2      | Killed Natasha
  1262 | D:2      | Reached skill level 4 in Unarmed Combat
  1472 | D:2      | Found an iron altar of Okawaru.
  1669 | D:2      | You pick up a book of Lightning and begin reading...
  1669 | D:2      | You add the spells Vhi's Electric Charge, Arcjolt and
                  | Plasma Beam to your library.
  1922 | D:3      | Reached XP level 5. HP: 40/40 MP: 5/5
  2042 | D:3      | You pick up a book of Necromancy and begin reading...
  2042 | D:3      | You add the spells Vampiric Draining and Agony to your
                  | library.
  2109 | D:3      | Found a hide-covered altar of Uskayaw.
  2842 | D:4      | Found a sand-covered staircase.
  2872 | Ossuary  | Entered an ossuary
  2887 | Ossuary  | Reached skill level 5 in Shapeshifting
  2987 | Ossuary  | Reached XP level 6. HP: 46/47 MP: 6/6
  3029 | Ossuary  | Reached skill level 5 in Unarmed Combat
  3203 | Ossuary  | Reached skill level 6 in Shapeshifting
  3203 | Ossuary  | Your scales start taking on a pale cyan-grey colour.
  3203 | Ossuary  | Reached XP level 7. HP: 49/52 MP: 7/7
  3203 | Ossuary  | Gained mutation: You are immune to the effects of steam.
                  | [Pale Draconian growth]
  3578 | D:4      | Noticed Robin
  3593 | D:4      | Killed Robin
  3994 | D:5      | Entered Level 5 of the Dungeon
  4024 | D:5      | Reached skill level 6 in Unarmed Combat
  4024 | D:5      | HP: 11/52 [orc/+0 mace (6)]
  4228 | D:5      | Noticed Dowan
  4228 | D:5      | Noticed Duvessa
  4251 | D:5      | Killed Duvessa
  4252 | D:5      | Reached skill level 7 in Shapeshifting
  4252 | D:5      | Reached XP level 8. HP: 19/59 MP: 8/8
  4252 | D:5      | HP: 14/59 [poisoned by Duvessa]
  4403 | D:5      | Killed Dowan
  4668 | D:5      | You pick up a book of Air and begin reading...
  4668 | D:5      | You add the spells Shock, Swiftness and Airstrike to your
                  | library.
  4971 | D:5      | Found Wuan's Armour Boutique.
  5500 | D:6      | Reached skill level 7 in Unarmed Combat
  5500 | D:6      | Reached skill level 8 in Shapeshifting
  5894 | D:6      | You pick up a book of the Hunter and begin reading...
  5894 | D:6      | You add the spells Call Canine Familiar, Portal Projectile
                  | and Leda's Liquefaction to your library.
  5978 | D:6      | Noticed Prince Ribbit
  6007 | D:6      | Killed Prince Ribbit
  6008 | D:6      | Reached XP level 9. HP: 64/64 MP: 9/9
  6139 | D:6      | Found a staircase to the Ecumenical Temple.
  6195 | D:6      | Found Cack's Distillery.
  6204 | D:6      | Bought a potion of curing for 33 gold pieces
  6204 | D:6      | Bought a potion of might for 44 gold pieces
  6214 | Temple   | Entered the Ecumenical Temple
  6218 | Temple   | Became a worshipper of Ru the Awakened
  6471 | D:7      | Reached skill level 9 in Shapeshifting
  6697 | D:7      | Reached skill level 8 in Unarmed Combat
  6905 | D:7      | Found a shadowy altar of Dithmenos.
  6905 | D:7      | Found a snail-covered altar of Cheibriados.
  6905 | D:7      | Found an iron altar of Okawaru.
  6905 | D:7      | Found a stormy altar of Qazlal.
  7063 | D:7      | Noticed Pikel
  7098 | D:7      | Killed Pikel
  7099 | D:7      | Reached skill level 9 in Unarmed Combat
  7099 | D:7      | Reached skill level 10 in Shapeshifting
  7681 | D:8      | Found a staircase to the Lair.
  7786 | D:8      | Reached XP level 10. HP: 48/71 MP: 10/10
  7903 | D:8      | Gained mutation: You cannot study or use magical devices.
                  | [Ru sacrifice]
  7903 | D:8      | Reached * piety under Ru
  7903 | D:8      | Reached ** piety under Ru
  8774 | D:9      | You pick up a book of Burglary and begin reading...
  8774 | D:9      | You add the spells Passwall and Ensorcelled Hibernation to
                  | your library.
  8814 | D:9      | You pick up a book of the Moon and begin reading...
  8814 | D:9      | You add the spells Passage of Golubria, Silence and
                  | Lehudib's Crystal Spear to your library.
  8925 | D:9      | Reached skill level 10 in Unarmed Combat
  8954 | D:9      | Found a staircase to the Orcish Mines.
  9079 | D:9      | Noticed a two-headed ogre
  9083 | D:9      | Killed a two-headed ogre
  9180 | D:9      | Found a burning altar of Makhleb.
  9180 | D:9      | Found a shimmering blue altar of Sif Muna.
  9208 | D:9      | Reached skill level 11 in Shapeshifting
  9286 | D:9      | You pick up a book of the Tundra and begin reading...
  9286 | D:9      | You add the spells Hailstorm, Summon Ice Beast and
                  | Simulacrum to your library.
  9448 | D:10     | Entered Level 10 of the Dungeon
  9448 | D:10     | Noticed Gastronok
  9458 | D:10     | Killed Gastronok
  9536 | D:10     | Reached skill level 12 in Shapeshifting
  9740 | D:10     | Gained mutation: You cannot be stealthy. [Ru sacrifice]
  9740 | D:10     | Reached *** piety under Ru
 10170 | D:10     | Found a basalt altar of Yredelemnul.
 10303 | D:11     | Noticed a cyclops
 10315 | D:11     | Killed a cyclops
 10316 | D:11     | Reached XP level 11. HP: 77/77 MP: 11/11
 10489 | D:11     | You are sucked into a shaft and drop 1 floor!
 10846 | D:12     | HP: 10/88 [very large slime creature (26)]
 11154 | D:12     | Noticed Azrael
 11163 | D:12     | Reached skill level 13 in Shapeshifting
 11179 | D:12     | Killed Azrael
 11330 | D:12     | Noticed a two-headed ogre
 11337 | D:12     | Killed a two-headed ogre
 11995 | D:12     | Noticed a boulder beetle
 12005 | D:12     | Killed a boulder beetle
 12006 | D:12     | Reached skill level 14 in Shapeshifting
 12006 | D:12     | Reached skill level 2 in Fighting
 12026 | D:12     | Reached skill level 3 in Fighting
 12087 | D:12     | Reached skill level 4 in Fighting
 12165 | D:12     | Found Jumo's Magic Scroll Shop.
 12260 | D:13     | Noticed a centaur warrior
 12264 | D:13     | Killed a centaur warrior
 12265 | D:13     | Reached skill level 5 in Fighting
 12477 | D:13     | Reached skill level 6 in Fighting
 12498 | D:13     | Reached XP level 12. HP: 96/96 MP: 12/12
 12680 | D:13     | Reached skill level 7 in Fighting
 12732 | D:13     | Noticed a centaur warrior
 12735 | D:13     | Noticed a centaur warrior
 12736 | D:13     | Killed a centaur warrior
 12744 | D:13     | Killed a centaur warrior
 12745 | D:13     | Reached skill level 8 in Fighting
 12745 | D:13     | Reached skill level 2 in Dodging
 12987 | D:13     | Reached skill level 3 in Dodging
 13004 | D:13     | Reached skill level 4 in Dodging
 13130 | D:13     | Noticed a centaur warrior
 13142 | D:13     | Killed a centaur warrior
 13501 | D:13     | Noticed a boulder beetle
 13505 | D:13     | Noticed a vault guard
 13507 | D:13     | Noticed an entropy weaver
 13508 | D:13     | Reached skill level 5 in Dodging
 13512 | D:13     | Killed a boulder beetle
 13516 | D:13     | an entropy weaver changed into a yaktaur
 13523 | D:13     | HP: 27/136 [orc knight/+0 long sword (19)]
 13525 | D:13     | Reached skill level 6 in Dodging
 14302 | D:11     | Reached skill level 7 in Dodging
 14411 | D:11     | Noticed a two-headed ogre
 14413 | D:11     | Killed a two-headed ogre
 14414 | D:11     | Noticed a boulder beetle
 14416 | D:11     | Noticed a centaur warrior
 14431 | D:11     | Killed a centaur warrior
 14432 | D:11     | Reached skill level 8 in Dodging
 14440 | D:11     | Killed a boulder beetle
 14448 | D:11     | Noticed an ogre mage
 14458 | D:11     | HP: 28/132 [something (13)]
 14460 | D:11     | Killed an ogre mage
 14799 | D:11     | Noticed a centaur warrior
 14805 | D:11     | Killed a centaur warrior
 15068 | Lair:1   | Entered Level 1 of the Lair of Beasts
 15080 | Lair:1   | Reached XP level 13. HP: 90/107 MP: 13/13
 15535 | Lair:1   | Found a runed translucent gate.
 15535 | Lair:1   | Found a runed translucent gate.
 15535 | Lair:1   | Found a runed translucent gate.
 15536 | Lair:1   | Noticed MackTheKnife's ghost (journeyman DrSh)
 15570 | Lair:1   | You pick up a book of Displacement and begin reading...
 15570 | Lair:1   | You add the spells Lesser Beckoning, Gell's Gravitas and
                  | Teleport Other to your library.
 16045 | Lair:1   | Killed MackTheKnife's ghost
 16046 | Lair:1   | Reached skill level 15 in Shapeshifting
 16054 | Lair:1   | HP: 39/159 [spectral catoblepas (17)]
 16055 | Lair:1   | HP: 15/156 [spectral six-headed hydra (7)]
 16055 | Lair:1   | HP: 7/153 [spectral six-headed hydra (7)]
 16058 | Lair:1   | Slain by a five-headed hydra simulacrum

Vanquished Creatures
  Gastronok (D:10)
  Azrael (D:12)
  The ghost of MackTheKnife the Grappler, a journeyman DrSh of the Shining One (Lair:1)
  An ogre mage (D:11)
  6 centaur warriors
  3 boulder beetles
  3 two-headed ogres
  An orc knight (D:13)
  8 slime creatures
  Pikel (D:7)
  2 spectral hydras (Lair:1)
  A deep elf pyromancer (D:13)
  An ugly thing (D:11)
  3 cyclopes
  3 manticores
  A guardian serpent (D:12)
  2 gargoyles
  2 cane toads (Lair:1)
  5 komodo dragons
  A yaktaur (D:13)
  3 meliai (D:13)
  A queen bee (D:13)
  A hornet (D:7)
  Prince Ribbit (D:6)
  A jumping spider (shapeshifter) (D:11)
  A shadow (D:13)
  A vampire (D:11)
  2 wraiths
  2 wyverns
  4 fire elementals (D:12)
  17 yaks
  A golden eye (shapeshifter) (D:11)
  3 basilisks
  2 steam dragons
  A hydra simulacrum (Lair:1)
  2 acid dragons
  5 hell hounds (D:12)
  Duvessa (D:5)
  2 water moccasins
  A black bear (D:5)
  2 sky beasts
  8 orc warriors
  An ice beast (D:7)
  2 ogres
  2 boggarts (D:11)
  5 centaurs
  3 kobold brigands
  2 lemures (D:7)
  A phantom (D:6)
  3 elf zombies (Ossuary)
  5 bullfrogs
  A cane toad simulacrum (Lair:1)
  A scorpion (D:6)
  9 wights
  Dowan (D:5)
  14 killer bees (D:13)
  3 howler monkeys
  3 centaur zombies (Ossuary)
  6 lava snakes (D:12)
  8 orc priests
  2 jellies
  A human zombie (Ossuary)
  3 hounds
  A gnoll bouda (D:7)
  Natasha (thrice) (D:2)
  6 iguanas
  10 orc wizards
  2 mummies (Ossuary)
  Robin (D:4)
  5 gnolls (D:7)
  5 adders
  A shadow imp (D:5)
  2 white imps
  An adder zombie (Ossuary)
  4 worms
  8 dart slugs (D:3)
  51 orcs
  8 ball pythons
  4 bats
  4 endoplasms
  4 giant cockroaches
  14 goblins
  5 hobgoblins
  3 jackals (D:1)
  5 quokkas
  3 frilled lizards
  12 hobgoblin zombies (Ossuary)
  A jackal zombie (Ossuary)
  24 kobolds
  7 kobold zombies (Ossuary)
  7 orc zombies (Ossuary)
  4 rats
  2 rat zombies (Ossuary)
392 creatures vanquished.

Vanquished Creatures (others)
  A yak (Lair:1)
  A hell hound (D:12)
2 creatures vanquished.

Grand Total: 394 creatures vanquished

Table legend:
 A = Non-vault XP
 B = Vault XP
 C = Vault XP percentage of total XP
 D = Non-vault monster count
 E = Vault monster count
 F = Vault count percentage of total count
                 A         B        C        D         E       F
            +---------+---------+-------+---------+---------+-------
      Total |   25130 |   19807 |  44.1 |     242 |     149 |  38.1
            +---------+---------+-------+---------+---------+-------
        D:1 |      31 |       0 |   0.0 |      17 |       0 |   0.0
        D:2 |     117 |      37 |  24.0 |      19 |       1 |   5.0
        D:3 |      59 |      44 |  42.7 |       8 |      12 |  60.0
        D:4 |     227 |      35 |  13.4 |      16 |      11 |  40.7
        D:5 |     414 |     223 |  35.0 |      22 |       2 |   8.3
        D:6 |    1023 |     368 |  26.5 |      26 |       7 |  21.2
        D:7 |    1493 |     685 |  31.5 |      30 |       1 |   3.2
        D:8 |     688 |       0 |   0.0 |      16 |       0 |   0.0
        D:9 |    1311 |     840 |  39.1 |       6 |      23 |  79.3
       D:10 |     988 |    1424 |  59.0 |      11 |       1 |   8.3
       D:11 |    3200 |    4536 |  58.6 |      13 |      11 |  45.8
       D:12 |    5903 |    2411 |  29.0 |      21 |       9 |  30.0
       D:13 |    5850 |    4866 |  45.4 |      16 |      23 |  59.0
     Lair:1 |    3826 |    3795 |  49.8 |      21 |       9 |  30.0
    Ossuary |       0 |     543 | 100.0 |       0 |      39 | 100.0
            +---------+---------+-------+---------+---------+-------

Skill      XL: |  1  2  3  4  5  6  7  8  9 10 11 12 13 |
---------------+----------------------------------------+-----
Shapeshifting  | 4 5 6 7 8 10 12 14 15 | 15.0
Unarmed Combat | 4 5 6 7 9 10 | 10.0
Fighting       | 6 8 |  8.5
Dodging        | 8 |  8.0

Action                     |  1- 3 |  4- 6 |  7- 9 | 10-12 | 13-15 || total
---------------------------+-------+-------+-------+-------+-------++-------
  Melee: Unarmed           |    62 |   201 |   218 |   352 |    72 ||   905
         Tailslap          |    10 |    19 |    25 |    46 |     8 ||   108
         Punch             |     1 |     4 |    13 |    14 |     7 ||    39
         Bite              |       |       |       |    35 |    10 ||    45
 Invoke: Sacrifice Stealth |       |       |       |     1 |       ||     1
         Sacrifice Artific |       |       |       |     1 |       ||     1
         Draw Out Power    |       |       |       |     2 |     1 ||     3
         Reject Sacrifices |       |       |       |     1 |       ||     1
Ability: Breathe Steam     |       |       |    37 |    26 |     1 ||    64
    Use: Scroll            |     4 |     8 |     7 |     4 |       ||    23
         Potion            |       |     2 |     1 |     1 |       ||     4
   Stab: Sleeping          |       |     2 |     1 |       |       ||     3
         Distracted        |       |       |       |     1 |       ||     1
 Armour: Skin              |    18 |   105 |    59 |   185 |    78 ||   445
  Dodge: Dodged            |    36 |    83 |   115 |   145 |    49 ||   428
   Form: Dragon            |     2 |     1 |       |     1 |       ||     4
         Flux              |     1 |       |       |       |       ||     1
         Beast             |     1 |     1 |       |       |       ||     2

Illustrated notes

Table legend:
 A = Kills in this place as a percentage of kills in the entire game.
 B = Kills by you in this place as a percentage of kills by you in the entire game.
 C = Kills by friends in this place as a percentage of kills by friends in the entire game.
 D = Other kills in this place as a percentage of other kills in the entire game.
 E = Experience gained in this place as a percentage of experience gained in the entire game.
 F = Experience gained in this place divided by the number of levels of this place that you have seen.
                   A       B       C       D       E      F
               +-------+-------+-------+-------+-------+----------------------
         Total | 100.0 | 100.0 |   N/A | 100.0 | 100.0 | 2808.6
       Dungeon |  82.4 |  82.6 |   N/A |   0.0 |  81.8 | 2828.7
          Lair |   7.7 |   7.4 |   N/A | 100.0 |  17.0 | 7621.0
       Ossuary |  10.0 |  10.0 |   N/A |   0.0 |   1.2 | 543.0
               +-------+-------+-------+-------+-------+----------------------

Table legend: (Time is in decaauts)
 A = Elapsed time spent in this place.
 B = Non-inter-level travel time spent in this place.
 C = Inter-level travel time spent in this place.
 D = Time resting spent in this place.
 E = Time spent auto-exploring this place.
 F = Levels seen in this place.
 G = Mean time per level.
                   A        B        C        D        E       F      G
               +--------+--------+--------+--------+--------+-----+--------+
         Total |  15988 |  15502 |    486 |   1389 |  11781 |  16 |  999.2 |
       Dungeon |  14629 |  14145 |    484 |   1302 |  10810 |  13 | 1125.3 |
        Temple |      8 |      8 |      0 |      0 |      0 |   1 |    8.0 |
          Lair |    975 |    975 |      0 |      3 |    850 |   1 |  975.0 |
       Ossuary |    373 |    373 |      0 |     84 |    121 |   1 |  373.0 |
               +--------+--------+--------+--------+--------+-----+--------+

Top non-repeatable levels by time:
    D:12: 2099 daAuts
    D:13: 1320 daAuts
    D:11: 1277 daAuts
     D:6: 1237 daAuts
     D:7: 1195 daAuts
     D:8: 1109 daAuts
     D:5: 1035 daAuts
     D:2: 1000 daAuts
     D:4: 999 daAuts
  Lair:1: 975 daAuts
     D:3: 946 daAuts
    D:10: 852 daAuts
     D:1: 833 daAuts
     D:9: 721 daAuts
 Ossuary: 373 daAuts
